 Dungeon Crawl Stone Soup version 0.30-a0-305-g026cb31310 (webtiles) character file.

Game seed: 14027493278911890811

267 mandarbmax the Cutter (level 6, 0/45 (48) HPs)
             Began as a Vine Stalker Fighter on Oct 23, 2022.
             Succumbed to a kobold brigand's poison
             ... on level 3 of the Dungeon.
             The game lasted 00:07:34 (2648 turns).

mandarbmax the Cutter (Vine Stalker Fighter)        Turns: 2648, Time: 00:07:34

HP:   0/45 (48)     AC: 31    Str: 18    XL:     6   Next: 21%
MP:   7/7           EV:  2    Int:  8    God:
Gold: 170           SH:  0    Dex: 16    Spells: 5/5 levels left

rFire   . . .      SeeInvis .    a - +0 rapier
rCold   . . .      Faith    .    c - +0 buckler
rNeg    . . .      Spirit   +    (body armour currently unavailable)
rPois   +          Reflect  .    (helmet currently unavailable)
rElec   .          Harm     .    (cloak currently unavailable)
rCorr   .          Rampage  .    (gloves currently unavailable)
Will    .....      NoTele   +    (boots currently unavailable)
Stlth   +.........               (no amulet)
HPRegen 0.00/turn                e - +4 ring of protection
MPRegen 0.10/turn                f - +4 ring of protection

@: confused, lethally poisoned (0 -> -2), tree-form, ambrosia-drunk, sick,
drained
A: stationary, stasis, torment immunity, boosted hp, (fangs 2), regeneration 1,
magic shield, (antimagic bite), no potion heal 2
a: no special abilities


You were on level 3 of the Dungeon.
You were a tree.
You visited 1 branch of the dungeon, and saw 3 of its levels.
You visited the Abyss 1 time.

You collected 170 gold pieces.

Inventory:

Hand Weapons
 a - a +0 rapier (weapon)
Missiles
 h - 6 boomerangs
 o - 3 poisoned darts (quivered)
 p - 5 atropa-tipped darts
Armour
 b - a +0 scale mail (melded)
 c - a +0 buckler (worn)
 m - a +1 leather armour of fire resistance
 r - a +0 pair of gloves
Jewellery
 d - a +4 ring of slaying
 e - a +4 ring of protection (left branch)
 f - a +4 ring of protection (right branch)
Scrolls
 g - 3 scrolls of immolation {unknown}
 k - a scroll of enchant armour {unknown}
 l - a scroll of magic mapping {unknown}
 u - a scroll of torment {unknown}
Potions
 i - a potion of brilliance
 j - a potion of berserk rage
 n - a potion of haste
 s - a potion of flight


   Skills:
 - Level 3.0 Fighting
 + Level 5.1 Short Blades
 - Level 3.0 Armour
 - Level 3.0 Shields


You had 5 spell levels left.
You didn't know any spells.
Your spell library contained the following spells:

 Spells                   Type           Power      Damage    Failure   Level
 Inner Flame              Hex/Fire       0%         N/A       86%         3
 Flame Wave               Conj/Fire      0%         2d4       99%         4
 Sticky Flame             Conj/Fire      0%         2d3       99%         4


Dungeon Overview and Level Annotations

Branches:
Dungeon (3/15)

Altars:

Shops:
D:1 *


Innate Abilities, Weirdness & Mutations

You are a tree.
Your roots penetrate the ground, keeping you stationary.
You cannot be teleported.
You are immune to unholy pain and torment.
Your maximum health is greatly increased.
Your equipment is partially melded.
((You have extremely sharp teeth.))
Your natural rate of healing is unusually fast.
When hurt, damage is shared between your health and your magic reserves.
((Your bite disrupts and absorbs the magic of your enemies.))
Potions cannot restore your health.


Message History

Aim: a kobold brigand, wielding a +1 short sword of distortion and quivering poisoned darts (severely wounded, 53% to hit)
You throw a poisoned dart.
The poisoned dart closely misses the kobold brigand.
* * * LOW HITPOINT WARNING * * *
You feel very sick.
The kobold brigand throws a poisoned dart.
You block the poisoned dart.
Really quaff the potion of lignification?
You turn into a tree.
Your +0 scale mail melds into your body.
Your roots penetrate the ground.
* * * LOW HITPOINT WARNING * * *
You feel sick.
The kobold brigand throws a poisoned dart.
The poisoned dart hits you!
It was a potion of flight.
Your roots keep you in place.
* * * LOW HITPOINT WARNING * * *
You feel sick.
The kobold brigand throws a poisoned dart.
The poisoned dart hits you.
It was a potion of ambrosia.
You are confused.
Your system rejects the healing.
You feel invigorated.
* * * LOW HITPOINT WARNING * * *
You feel sick.
* * * LOW HITPOINT WARNING * * *
You feel sick.
Unknown command.
* * * LOW HITPOINT WARNING * * *
You feel sick.
The kobold brigand throws a poisoned dart.
The poisoned dart hits you!
Unknown command.
* * * LOW HITPOINT WARNING * * *
You feel sick.
Unknown command.
* * * LOW HITPOINT WARNING * * *
You feel sick.
Unknown command.
You die...

.##.##.###)#.##.###.....###.####)
.##.##...).(....#....)......#..#.
.##.##..........#.#.........##..<
....##..........#'######....#....
.......######......#####....#..#.
.####### #K.....##.<'....#####
.†.## #......##.##)..##....
##..####### #......##............
..........# #...♣..##..#......##.
.........## #......##.......#.##.
~........# #.###+####.#..#.####.
.~.......## #.###.# #.#..#.....>
.~..~~...~###.....# #.#..#..####
~..~..~..~~######## #....#..#
~(⌠~..~..~~# ####.#..####
..~⌠.~...~~# #.#####..
..~.†~..~~~# #.# #..


You could see a kobold brigand.

Vanquished Creatures
  A necrophage (D:2)
  A hound (D:3)
  Jessica (D:2)
  Terence (D:3)
  3 adders (D:3)
  2 worms
  The ghost of benadryl the Sneak, a weakling TrDe (D:3)
  3 dart slugs
  5 orcs
  7 ball pythons
  2 endoplasms (D:1)
  6 giant cockroaches
  3 goblins
  9 hobgoblins
  5 jackals
  20 kobolds
  A quokka (D:1)
  3 bats
  4 frilled lizards
  5 rats
83 creatures vanquished.

Notes
Turn   | Place    | Note
-------+----------+-------------------------------------------
     0 | D:1      | mandarbmax the Vine Stalker Fighter began the quest for the
                  | Orb.
     0 | D:1      | Reached XP level 1. HP: 11/11 MP: 2/2
   101 | D:1      | Reached skill level 2 in Short Blades
   101 | D:1      | Reached XP level 2. HP: 16/16 MP: 3/3
   326 | D:1      | Found Taephyic's General Store.
   455 | D:1      | Reached XP level 3. HP: 16/20 MP: 2/4
   720 | D:2      | Noticed a necrophage
   734 | D:2      | Killed a necrophage
   735 | D:2      | Reached skill level 3 in Short Blades
   735 | D:2      | Gained mutation: Your natural rate of healing is unusually
                  | fast. [Vine Stalker growth]
   735 | D:2      | Reached XP level 4. HP: 20/24 MP: 3/5
  1147 | D:2      | Noticed Jessica
  1154 | D:2      | Killed Jessica
  1155 | D:2      | Reached XP level 5. HP: 11/28 MP: 2/6
  1597 | D:2      | Reached skill level 4 in Short Blades
  1895 | D:3      | Noticed Terence
  1919 | D:3      | Killed Terence
  2038 | D:3      | Reached XP level 6. HP: 32/32 MP: 7/7
  2157 | D:3      | Reached skill level 5 in Short Blades
  2330 | D:3      | Found a runed translucent gate.
  2330 | D:3      | Found a runed translucent gate.
  2330 | D:3      | Found a runed translucent gate.
  2330 | D:3      | Noticed benadryl's ghost (weakling TrDe)
  2516 | Abyss:1  | Cast into level 1 of the Abyss (kobold brigand)
  2572 | Abyss:1  | Noticed an ancient zyme
  2599 | Abyss:1  | Noticed an orange demon
  2600 | Abyss:1  | Noticed a sun demon
  2602 | D:3      | Escaped the Abyss
  2622 | D:3      | Killed benadryl's ghost
  2646 | D:3      | HP: 2/45 [poisoned by a kobold brigand]
  2648 | D:3      | Succumbed to a kobold brigand's poison

Illustrated notes

Levels and vault maps discovered:
D:1:      dpeg_arrival_rooms_c, layout_loops_ring, serial_shops, shop,
          corner_web_ring
D:2:      layout_basic, uniq_jessica
D:3:      cheibrodos_helix_gallery, layout_basic, gammafunk_ghost_nasty_kobolds,
          uniq_terence

Skill      XL: |  1  2  3  4  5  6 |
---------------+-------------------+-----
Short Blades   | 2 3 4 5 |  5.1
Fighting       | 3 |  3.0
Shields        | 3 |  3.0
Armour         | 3 |  3.0

Action                   |  1- 3 |  4- 6 || total
-------------------------+-------+-------++-------
Melee: Rapier            |    97 |   163 ||   260
       Bite              |    26 |    47 ||    73
Throw: Dart              |       |     8 ||     8
  Use: Potion            |       |     4 ||     4
       Scroll            |       |     4 ||     4
Armor: Scale mail        |    51 |    88 ||   139
Dodge: Dodged            |    40 |    85 ||   125
Block: Buckler           |    21 |    37 ||    58

Table legend: (Time is in decaauts)
 A = Elapsed time spent in this place.
 B = Non-inter-level travel time spent in this place.
 C = Inter-level travel time spent in this place.
 D = Time resting spent in this place.
 E = Time spent auto-exploring this place.
 F = Levels seen in this place.
 G = Mean time per level.
                   A        B        C        D        E       F      G
               +--------+--------+--------+--------+--------+-----+--------+
         Total |   2663 |   2544 |    119 |      2 |   1927 |   4 |  665.8 |
       Dungeon |   2578 |   2459 |    119 |      2 |   1927 |   3 |  859.3 |
         Abyss |     85 |     85 |      0 |      0 |      0 |   1 |   85.0 |
               +--------+--------+--------+--------+--------+-----+--------+

Top non-repeatable levels by time:
     D:2: 1159 daAuts
     D:3: 775 daAuts
     D:1: 643 daAuts
 Abyss:1: 85 daAuts
